 Dungeon Crawl Stone Soup version 0.19.0 (webtiles) character file.

700 Jerry the Poker (level 7, 0/57 HPs)
             Began as a Minotaur Monk on Nov 2, 2016.
             Slain by an elf zombie (4 damage)
             ... in an ossuary.
             The game lasted 00:15:09 (2982 turns).

Jerry the Poker (Minotaur Monk)                     Turns: 2982, Time: 00:15:09

Health: 0/57       AC:  6    Str: 17    XL:     7   Next: 38%
Magic:  6/6        EV: 12    Int:  7    God:
Gold:   110        SH:  0    Dex: 15    Spells: 1 memorised, 5 levels left

rFire  . . .     SeeInvis +     a - +0 spear
rCold  . . .     Gourm    .     w - +0 ring mail
rNeg   . . .     Faith    .     (no shield)
rPois  .         Spirit   .     (helmet restricted)
rElec  .         Reflect  .     (no cloak)
rCorr  .         Harm     .     (no gloves)
MR     .....                    (no boots)
Stlth  +.........               (no amulet)
                                G - ring of see invisible
                                h - +2 ring of dexterity

@: no status effects
A: retaliatory headbutt, horns 2
a: no special abilities


You were in an ossuary.
You were hungry.

You visited 1 branch of the dungeon, and saw 4 of its levels.
You also visited: Ossuary.

You collected 110 gold pieces.

Inventory:

Hand Weapons
 a - a +0 spear (weapon)
 p - a +0 hunting sling
Missiles
 b - 6 silver tomahawks (quivered)
 j - 10 sling bullets
Armour
 l - a +0 leather armour
 n - a +0 shield
 v - a +0 chain mail
 w - a +0 ring mail (worn)
Jewellery
 h - a +2 ring of dexterity (left hand)
 G - a ring of see invisible (right hand)
Wands
 o - a wand of digging (13/24)
 r - a wand of paralysis (13/24)
Scrolls
 f - a scroll of blinking
 g - 2 scrolls of identify
 k - a scroll of remove curse {unknown}
 s - a scroll of enchant weapon {unknown}
 y - a scroll of amnesia {unknown}
 B - a scroll of noise {unknown}
 C - a scroll of teleportation {unknown}
Potions
 e - a potion of invisibility {unknown}
 u - 2 potions of brilliance {unknown}
 z - a potion of flight {unknown}
 A - a potion of resistance {unknown}
 D - a potion of lignification {unknown}
 E - a potion of agility {unknown}
 F - a potion of degeneration {unknown}
Books
 d - a book of Cantrips

   Spells                             Type                      Level
   a - Confusing Touch                Hexes                        1
   b - Animate Skeleton               Necromancy                   1
   c - Summon Small Mammal            Summoning                    1
   d - Apportation                    Translocation                1
Comestibles
 c - 2 bread rations
 i - 2 slices of pizza
 q - 2 meat rations
 t - 3 fruits
 x - 2 chunks of flesh


   Skills:
 - Level 3.6 Fighting
 + Level 7.2 Polearms
 + Level 5.7 Armour
 - Level 3.2 Dodging
 - Level 1.5 Stealth
 * Level 2.5 Necromancy


You had 5 spell levels left.
You knew the following spells:

 Your Spells              Type           Power        Failure   Level  Hunger
a - Animate Skeleton      Necr           N/A          30%         1    ##.....


Dungeon Overview and Level Annotations

Branches:
Dungeon (4/15)
 Temple: D:4-7

Altars:
Qazlal


Innate Abilities, Weirdness & Mutations

You reflexively headbutt those who attack you in melee.
You have a pair of horns on your head.


Message History

The elf zombie is severely damaged.
You barely miss the elf zombie.
The elf zombie is severely damaged.
The elf zombie hits you.
* * * LOW HITPOINT WARNING * * *
You feel better. The elf zombie hits you.
* * * LOW HITPOINT WARNING * * *
You barely miss the elf zombie. You headbutt the elf zombie!
The elf zombie is almost destroyed.
You barely miss the elf zombie.
The elf zombie is almost destroyed.
The elf zombie hits you.
* * * LOW HITPOINT WARNING * * *
You barely miss the elf zombie.
The elf zombie is almost destroyed.
You hit the elf zombie.
You headbutt the elf zombie, but do no damage.
The elf zombie is almost destroyed.
The elf zombie hits you.
You die...

#####################
......∩...........#$?
.......@Z.........#(!
....#####(........#+#
......................
......................
.........ZZ....##.....
..........Z....# ....
........Z....... ...
................. ..
................. .


You could see an elf zombie.

Vanquished Creatures
  Grinder (D:3)
  3 orc priests
  2 hounds
  An orc wizard (D:4)
  A centaur skeleton (D:4)
  Jessica (D:2)
  Ijyb (D:3)
  A big kobold zombie (Ossuary)
  A hound zombie (Ossuary)
  A mummy (Ossuary)
  5 adders
  2 adder zombies (Ossuary)
  4 worms
  A dart slug (D:4)
  4 leopard geckos
  5 orcs
  5 giant cockroaches
  2 gnoll zombies (Ossuary)
  13 goblins
  6 hobgoblins
  3 jackals (D:1)
  3 bats (D:3)
  4 frilled lizards
  A hobgoblin zombie (Ossuary)
  A jackal zombie (Ossuary)
  7 kobolds
  2 orc zombies (Ossuary)
  4 rats (D:3)
  A rat zombie (Ossuary)
86 creatures vanquished.

Vanquished Creatures (collateral kills)
  A howler monkey (D:4)
  A hound (D:4)
  An adder (D:4)
3 creatures vanquished.

Grand Total: 89 creatures vanquished

Notes
Turn   | Place    | Note
-------+----------+-------------------------------------------
     0 | D:1      | Jerry the Minotaur Monk began the quest for the Orb.
     0 | D:1      | Reached XP level 1. HP: 19/19 MP: 0/0
     2 | D:1      | Noticed a centaur
     2 | D:1      | Noticed a draconian
     4 | D:1      | Noticed an octopode
     7 | D:1      | Noticed a dwarf
     8 | D:1      | Noticed a dwarf
    10 | D:1      | Noticed a naga
    12 | D:1      | Noticed a draconian
    14 | D:1      | Noticed a dwarf
    14 | D:1      | Noticed a vine stalker
    16 | D:1      | Noticed a dwarf
    18 | D:1      | Noticed a formicid
    22 | D:1      | Noticed a vampire
    85 | D:1      | Reached skill level 1 in Armour
   234 | D:1      | Reached skill level 4 in Polearms
   234 | D:1      | Reached XP level 2. HP: 23/26 MP: 1/1
   888 | D:2      | Reached XP level 3. HP: 26/31 MP: 2/2
  1032 | D:2      | Noticed Jessica
  1036 | D:2      | Killed Jessica
  1036 | D:2      | Reached skill level 5 in Polearms
  1036 | D:2      | Reached XP level 4. HP: 39/39 MP: 3/3
  1505 | D:3      | Noticed Grinder
  1507 | D:3      | Paralysed by Grinder for 6 turns
  1516 | D:3      | Killed Grinder
  1516 | D:3      | Reached skill level 6 in Polearms
  1516 | D:3      | Reached XP level 5. HP: 13/45 MP: 4/4
  1516 | D:3      | Reached XP level 6. HP: 15/51 MP: 5/5
  1756 | D:3      | Learned a level 1 spell: Animate Skeleton
  1862 | D:3      | Noticed Ijyb
  1896 | D:3      | Killed Ijyb
  1911 | D:3      | Reached skill level 5 in Armour
  1911 | D:3      | Reached skill level 1 in Necromancy
  2602 | D:3      | Found a stormy altar of Qazlal.
  2687 | D:4      | Reached skill level 7 in Polearms
  2708 | D:4      | Reached XP level 7. HP: 28/57 MP: 6/6
  2901 | D:4      | Found a sand-covered staircase.
  2908 | Ossuary  | Entered an ossuary
  2977 | Ossuary  | HP: 2/57 [elf zombie (3)]
  2982 | Ossuary  | Slain by an elf zombie

Skill      XL: |  1  2  3  4  5  6 |
---------------+-------------------+-----
Armour         | 1 2 3 4 5 |  5.7
Polearms       | 4 5 6 7 |  7.2
Necromancy     | 2 |  2.5
Fighting       | |  3.6
Dodging        | |  3.2
Stealth        | |  1.5

Action                   |  1- 3 |  4- 6 |  7- 9 || total
-------------------------+-------+-------+-------++-------
Melee: Spear             |    64 |   130 |    86 ||   280
       Headbutt          |     4 |    20 |    26 ||    50
 Fire: Hunting sling     |    19 |    41 |     1 ||    61
 Cast: Animate Skeleton  |       |     1 |     2 ||     3
  Use: Scroll            |       |     4 |     1 ||     5
       Potion            |       |     2 |     2 ||     4
 Stab: Sleeping          |       |     2 |       ||     2
  Eat: Chunk             |       |     6 |       ||     6
Armor: Robe              |     2 |       |       ||     2
       Leather armour    |     6 |     5 |       ||    11
       Ring mail         |       |    13 |    28 ||    41
Dodge: Dodged            |    37 |    48 |    44 ||   129
